AoeStats
← GhostyStar1527

Highland

506995700Analyzed
3v3 RM · 16d ago on Sep 16, 2026· 58m 33s· 6 players
Game mode
Random Map
Map size
Normal (6 player)
Population
200
Speed
Normal
Resources
Standard
Victory
Conquest
Starting age
Dark Age
Ending age
Imperial Age
RankedLock teamsTeams togetherTeam positionsShared explorationLock speedFull tech treeHidden civsTurbo modeCheats
Victory
Defeat
🇺🇸 Chinese · United States
913
+14
🇺🇸 Franks · United States
885
+16
🇺🇸 Wei · United States
865
+16
🇧🇷 Berbers · Brazil
937
-18
🇺🇸 Italians · United States
851
-14
🇲🇽 Turks · Mexico
842
-14
GhostyStar1527
3:24 Loom
11:43 Feudal Age
12:16 Double-Bit Axe
12:15 Horse Collar
13:13 Wheelbarrow
18:33 Stone Mining
22:07 Castle Age
23:48 Heavy Plow
24:29 Hand Cart
25:20 Stone Shaft Mining
28:56 Bloodlines
28:47 Husbandry
30:31 Forging
30:22 Scale Mail Armor
30:24 Gold Mining
35:24 Imperial Age
33:25 Scale Barding Armor
33:12 Fletching
33:22 Padded Archer Armor
36:05 Tuntian
37:05 Chain Barding Armor
37:20 Iron Casting
36:43 Bodkin Arrow
37:48 Thumb Ring
38:08 Parthian Tactics
38:06 Leather Archer Armor
37:39 Heavy Hei Guang Cavalry
39:58 Gold Shaft Mining
39:56 Ming Guang Armor
38:55 Light Cavalry
39:56 Hussar
40:34 Elite Skirmisher
47:03 Capped Ram
48:03 Siege Ram
49:22 Ballistics
SuperGrizzly221
0:41 Loom
10:48 Feudal Age
11:52 Double-Bit Axe
19:18 Castle Age
19:25 Horse Collar
21:46 Bow Saw
22:09 Fletching
22:38 Pikeman
23:19 Squires
25:22 Husbandry
25:32 Bloodlines
26:07 Thumb Ring
30:44 Scale Mail Armor
30:55 Forging
31:03 Gold Mining
31:03 Stone Mining
33:16 Wheelbarrow
32:26 Town Watch
33:05 Chain Mail Armor
33:25 Iron Casting
32:46 Bodkin Arrow
32:52 Padded Archer Armor
39:53 Imperial Age
38:24 Gold Shaft Mining
39:12 Leather Archer Armor
41:17 Conscription
40:33 Capped Ram
42:27 Caravan
44:01 Town Patrol
43:48 Elite Fire Lancer
47:31 Chemistry
46:51 Ballistics
46:28 Murder Holes
48:06 Elite Chu Ko Nu
56:05 Bombard Tower
55:56 Fortified Wall
55:28 Siege Ram
57:04 Great Wall
Duwart
11:21 Feudal Age
9:37 Loom
12:08 Double-Bit Axe
20:18 Castle Age
20:00 Forging
19:56 Scale Barding Armor
21:50 Husbandry
24:45 Gold Mining
24:47 Stone Mining
26:30 Wheelbarrow
27:29 Iron Casting
31:07 Arson
32:26 Squires
32:47 Hand Cart
32:17 Town Watch
33:02 Scale Mail Armor
33:56 #83
35:29 Bow Saw
36:09 Chain Barding Armor
36:47 Chain Mail Armor
38:10 Fortified Wall
38:21 Ballistics
41:06 Imperial Age
40:11 Gold Shaft Mining
41:17 Cavalier
42:59 Blast Furnace
42:35 Plate Barding Armor
42:33 Plate Mail Armor
42:20 Chivalry
42:41 Conscription
42:33 Paladin
mandrades
3:45 Loom
10:54 Feudal Age
12:28 Double-Bit Axe
18:57 Castle Age
17:53 Horse Collar
18:55 Gold Mining
26:32 Imperial Age
26:04 Bloodlines
26:45 Scale Barding Armor
28:35 Heavy Camel Rider
30:11 Chain Barding Armor
39:13 Wheelbarrow
iSorry
10:30 Feudal Age
11:36 Double-Bit Axe
11:57 Loom
20:19 Castle Age
26:13 Town Watch
27:04 Wheelbarrow
28:17 Thumb Ring
28:50 Bow Saw
29:30 Horse Collar
33:28 Imperial Age
31:40 Fletching
32:58 Heavy Plow
33:45 Caravan
33:56 Gold Mining
33:59 Stone Mining
34:22 Town Patrol
35:21 Hand Cart
35:23 Bloodlines
35:25 Bodkin Arrow
35:46 Husbandry
35:07 Light Cavalry
36:35 Gold Shaft Mining
37:11 Hussar
38:08 Scale Barding Armor
38:58 Stone Shaft Mining
38:16 Capped Ram
39:59 Forging
40:10 Chain Barding Armor
41:27 Iron Casting
42:00 Kasbah
42:57 Maghrebi Camels
43:00 Elite Camel Archer
44:16 Hoardings
44:32 Plate Barding Armor
43:36 Elite Genitour
44:29 Heavy Scorpion
44:32 Heavy Camel Rider
47:02 Bracer
47:02 Padded Archer Armor
48:06 Blast Furnace
50:12 Leather Archer Armor
51:13 Chemistry
50:34 Ballistics
50:20 Siege Engineers
53:10 Ring Archer Armor
58:40 Murder Holes
Captain Pajamas
10:38 Feudal Age
11:09 Double-Bit Axe
18:52 Padded Archer Armor
18:42 Fletching
20:02 Gold Mining
20:02 Stone Mining
22:43 Castle Age
21:08 Forging
22:12 Scale Mail Armor
24:07 Wheelbarrow
24:36 Bodkin Arrow
30:25 Loom
33:36 Leather Archer Armor
33:24 Squires
33:22 Crossbowman
35:25 Hand Cart
36:53 Silk Road
39:53 Iron Casting
39:34 Chain Mail Armor
39:24 Scale Barding Armor
43:44 Imperial Age
41:48 Ballistics
42:22 Masonry
42:23 Fortified Wall
43:35 Heated Shot
43:56 Clinker Construction
45:01 Architecture
45:02 Caravan
45:33 Conscription
46:11 Elite Genoese Crossbowman
48:15 Thumb Ring
Connection lost

Rejoining the realm…

Still unreachable

The connection could not be restored.

Session expired

The server has moved on; the page needs a fresh start.